Map: Central Protocol

Players

lesha

  • Race: Terran Terran
  • League: Silver

NeoDym - Winner!

  • Race: Zerg Zerg
  • League: Gold

VOD

Have the link to the VOD?

Description

Time

  • Played on: Dec. 11, 2015, 9:48 a.m.
  • Length: 5:36
Show
View Real Time Build Order
Export as new Build Order

lesha Terran 

Build Orders:  

Get SALT Encoding   

  12  0:01  SCV  
  13  0:13  SCV  
  14  0:18  Supply Depot  
  14  0:25  SCV  
  15  0:40  SCV  
  16  0:45  Barracks  
  16  0:52  SCV  
  17  1:04  SCV  
  18  1:16  SCV  
  19  1:27  Command Center  
  19  1:33  Orbital Command  
  19  1:39  Refinery  
  19  1:41  Marine  
  20  1:59  SCV  
  21  2:10  Marine  
  21  2:14  SCV  
  23  2:22  Refinery  
  23  2:39  SCV  
  24  2:51  SCV  
  25  2:57  Orbital Command  
  25  3:02  Barracks  
  25  3:03  SCV  
  25  3:04  Supply Depot  
  26  3:10  Marine  
  27  3:13  Factory  
  27  3:21  Bunker  
  28  3:27  SCV  
  28  3:39  SCV x2  
  30  3:41  Barracks  
  30  3:45  Supply Depot x2  
  30  3:47  Barracks Reactor  
  30  3:51  SCV x2  
  30  3:55  Bunker  
  32  4:08  Barracks Tech Lab  
  32  4:10  Starport  
  32  4:11  SCV x2  
  34  4:22  Refinery  
  34  4:23  SCV x2  
  36  4:27  Engineering Bay  
  36  4:28  Factory Tech Lab  
  36  4:30  Engineering Bay  
  36  4:31  Marine x2  
  36  4:36  Barracks Reactor  
  40  4:38  Marauder  
  40  4:47  SCV x2  
  40  4:49  Marine x2  
  44  4:53  Starport Reactor  
  44  4:59  SCV x2  
  48  5:00  Marauder  
  44  5:11  SCV x2  
Show
View Real Time Build Order
Export as new Build Order

NeoDym Zerg - Winner!

Build Orders: Hatch First, Ravager All-In 

Get SALT Encoding   

  12  0:01  Drone  
  13  0:08  Drone  
  14  0:21  Overlord  
  14  0:40  Drone x3  
  17  0:56  Hatchery  
  16  0:57  Drone  
  16  1:03  Drone  
  18  1:13  Drone  
  19  1:20  Spawning Pool  
  19  1:24  Drone  
  19  1:28  Extractor  
  18  1:35  Drone  
  18  1:37  Extractor  
  18  1:49  Drone  
  19  1:58  Drone  
  20  2:08  Queen  
  22  2:09  Queen  
  22  2:11  Zergling x2  
  22  2:14  Drone  
  26  2:21  Metabolic Boost  
  26  2:25  Zergling x2  
  26  2:28  Drone  
  26  2:29  Drone  
  28  2:37  Overlord  
  28  2:49  Overlord  
  28  2:58  Drone  
  28  2:59  Roach Warren  
  28  3:06  Overlord  
  28  3:12  Overlord  
  28  3:24  Zergling x2  
  28  3:25  Drone x2  
  28  3:26  Drone  
  32  3:39  Roach x2  
  32  3:41  Roach  
  38  3:45  Roach  
  40  3:52  Roach  
  42  3:59  Overlord  
  42  4:01  Zergling x2  
  42  4:02  Zergling x2  
  44  4:08  Roach  
  45  4:23  Ravager x3  
  45  4:24  Ravager x2  
  50  4:28  Roach x3  
  50  4:29  Roach  
  58  4:36  Roach  
  60  4:40  Roach  
  60  4:44  Roach  
  64  5:02  Roach  
  64  5:03  Roach  
  67  5:12  Overlord x3  
Tags
 
Add a new tag
Caveats
  • Supply blocks, unpowered buildings, or Contaminate may cause inaccurate times.
  • Supply counts are checked every 10 seconds.